AoeStats
← AxingQuestions

Arabia

509000642Analyzed
4v4 RM · 6d ago on Sep 25, 2026· 50m 50s· 8 players
Game mode
Random Map
Map size
Large (8 player)
Population
200
Speed
Normal
Resources
Standard
Victory
Conquest
Starting age
Dark Age
Ending age
Imperial Age
RankedLock teamsTeams togetherTeam positionsShared explorationLock speedFull tech treeHidden civsTurbo modeCheats
Victory
Defeat
🇺🇸 Vikings · United States
1213
+14
🇺🇸 Ethiopians · United States
1211
+14
🇲🇽 Koreans · Mexico
1186
+15
🇺🇸 Varangians · United States
1146
+17
🇦🇷 Lithuanians · Argentina
1241
-17
🇦🇷 Celts · Argentina
1189
-16
🇦🇷 Sicilians · Argentina
1187
-16
🇦🇷 Varangians · Argentina
1060
-11
TheGallant"CTH"
6:20 Loom
6:27 Loom
9:14 Feudal Age
12:16 Fletching
12:28 Double-Bit Axe
16:20 Padded Archer Armor
19:01 Wheelbarrow
18:10 Horse Collar
22:47 Castle Age
22:56 Crossbowman
23:32 Bodkin Arrow
23:45 Thumb Ring
26:22 Ballistics
28:37 Scale Mail Armor
28:54 Leather Archer Armor
28:46 Thumb Ring
29:02 Thumb Ring
33:11 Imperial Age
32:48 Hand Cart
32:51 Bow Saw
33:43 Gold Mining
33:55 Heavy Plow
35:00 Bracer
34:56 Arbalester
37:33 Chemistry
36:40 Town Watch
39:46 Ring Archer Armor
39:23 Siege Engineers
41:51 Torsion Engines
42:11 Conscription
43:58 Onager
45:53 Siege Onager
AxingQuestions
7:33 Loom
9:57 Feudal Age
16:19 Double-Bit Axe
16:16 Horse Collar
21:28 Castle Age
19:43 Gold Mining
25:30 Fletching
25:47 Town Watch
29:02 Bow Saw
29:15 Bodkin Arrow
29:18 Elite Skirmisher
31:19 Town Patrol
31:55 Scale Mail Armor
32:26 Padded Archer Armor
34:11 Forging
35:03 Chain Mail Armor
37:09 Squires
36:57 Arson
37:56 Scale Barding Armor
39:44 Iron Casting
47:43 Imperial Age
46:07 Ballistics
46:36 Leather Archer Armor
46:37 Treadmill Crane
47:07 Murder Holes
48:48 Conscription
50:10 Hoardings
Flave Tycoon
6:45 Loom
9:49 Feudal Age
15:42 Bloodlines
22:10 Castle Age
21:23 Scale Barding Armor
26:01 Forging
37:00 Horse Collar
37:08 Double-Bit Axe
41:43 Wheelbarrow
42:16 Chain Barding Armor
43:13 Hand Cart
46:37 Imperial Age
44:16 Town Watch
46:44 Cavalier
48:07 Plate Barding Armor
48:08 Iron Casting
Tlacaelel.MX
6:17 Loom
10:39 Feudal Age
13:34 Fletching
16:20 Wheelbarrow
25:03 Castle Age
23:10 Gold Mining
23:29 Double-Bit Axe
24:23 Town Watch
24:20 Horse Collar
24:58 Stone Mining
26:33 Bodkin Arrow
27:09 Bow Saw
27:42 Scale Mail Armor
28:03 Forging
29:17 Hand Cart
33:27 Heavy Plow
35:02 Light Cavalry
39:40 Imperial Age
39:33 Scale Barding Armor
40:04 Iron Casting
40:43 Cavalier
42:08 Husbandry
44:15 Chain Barding Armor
44:11 Pikeman
46:13 Fortified Wall
46:21 Squires
48:27 Gold Shaft Mining
47:49 Capped Ram
50:26 Chain Mail Armor
SnK SaiTaN0
8:31 Feudal Age
9:14 Double-Bit Axe
10:11 Loom
12:42 Horse Collar
24:40 Castle Age
25:39 Light Cavalry
27:46 Wheelbarrow
34:53 Imperial Age
33:34 Town Watch
37:19 Conscription
38:05 Chemistry
38:24 Conscription
40:04 Scale Barding Armor
40:45 Forging
41:59 Chain Barding Armor
42:29 Hand Cart
44:39 Iron Casting
45:09 Pikeman
46:05 Scale Mail Armor
46:11 Halberdier
48:58 Heavy Plow
SnK ISKooL
10:11 Feudal Age
9:22 Loom
15:11 Fletching
19:38 Padded Archer Armor
26:34 Castle Age
26:51 Wheelbarrow
26:44 Double-Bit Axe
26:41 Horse Collar
27:06 Scale Mail Armor
27:17 Forging
28:36 Chain Mail Armor
30:05 Arson
31:40 Squires
33:08 Iron Casting
38:13 Bodkin Arrow
39:16 Pikeman
46:09 Heavy Plow
SnK | ARAÑA
8:26 Loom
10:15 Feudal Age
12:21 Bloodlines
24:50 Castle Age
23:50 Forging
23:49 Scale Barding Armor
28:19 Fletching
28:37 Pikeman
30:08 Scale Mail Armor
36:40 Wheelbarrow
37:21 Padded Archer Armor
37:18 Bodkin Arrow
38:01 Gambesons
38:19 Squires
SnK | TorkeL
7:58 Loom
10:16 Feudal Age
16:15 Fletching
23:57 Padded Archer Armor
28:13 Castle Age
29:29 Bodkin Arrow
28:59 Elite Skirmisher
31:30 Town Watch
31:32 Double-Bit Axe
31:28 Horse Collar
31:38 Gold Mining
31:26 Pikeman
33:09 Scale Mail Armor
43:45 Bow Saw
Connection lost

Rejoining the realm…

Still unreachable

The connection could not be restored.

Session expired

The server has moved on; the page needs a fresh start.